AoeStats
← mimikyu

Lombardia

510263255Analyzed
4v4 RM · 16h ago on Sep 30, 2026· 48m 33s· 8 players
Game mode
Random Map
Map size
Large (8 player)
Population
200
Speed
Normal
Resources
Standard
Victory
Conquest
Starting age
Dark Age
Ending age
Imperial Age
RankedLock teamsTeams togetherTeam positionsShared explorationLock speedFull tech treeHidden civsTurbo modeCheats
Victory
Defeat
🇨🇳 Burgundians · China
1273
+14
🇲🇽 Magyars · Mexico
1182
+18
🇲🇽 Danes · Mexico
1175
+18
🇲🇽 Varangians · Mexico
1078
+22
🇲🇽 Mongols · Mexico
1237
-19
🇲🇽 Hindustanis · Mexico
1230
-18
🇦🇺 Saxons · Australia
1216
-18
🇩🇪 Franks · Germany
1195
-17
CapitanRexMx
6:55 Loom
9:26 Feudal Age
10:11 Double-Bit Axe
12:28 Bloodlines
18:34 Horse Collar
19:30 Scale Barding Armor
21:27 Castle Age
19:49 Forging
22:21 Bow Saw
22:27 Light Cavalry
23:07 Husbandry
27:59 Caravan
31:43 Wheelbarrow
30:53 Town Watch
33:47 Hand Cart
36:42 Ballistics
36:14 Fletching
36:24 Padded Archer Armor
36:40 Thumb Ring
38:27 Bodkin Arrow
41:29 Heavy Plow
44:01 Imperial Age
42:12 Gold Mining
42:12 Stone Mining
42:40 Elite Skirmisher
44:17 Leather Archer Armor
44:26 Heavy Cavalry Archer
arky8a
3:52 Loom
11:08 Feudal Age
16:17 Castle Age
14:41 Double-Bit Axe
15:20 Horse Collar
17:51 Heavy Plow
32:22 Grand Trunk Road
34:54 Imperial Age
33:01 Wheelbarrow
32:25 Gold Mining
36:08 Hand Cart
35:38 Town Watch
36:02 Scale Barding Armor
36:08 Forging
36:38 Gold Shaft Mining
35:54 Stone Mining
36:29 Fletching
37:39 Chain Barding Armor
38:35 Iron Casting
38:00 Heavy Camel Rider
38:52 Bloodlines
40:22 Caravan
41:56 Chemistry
41:17 Ballistics
41:19 Bodkin Arrow
42:00 Plate Barding Armor
42:54 Blast Furnace
42:24 Imperial Camel Rider
44:38 Elite Ghulam
45:20 Scale Mail Armor
45:46 Conscription
46:29 Chain Mail Armor
Fuzzy
8:11 Loom
10:23 Feudal Age
13:25 Double-Bit Axe
16:13 Wheelbarrow
15:22 Horse Collar
20:00 Fletching
23:37 Castle Age
22:01 Gold Mining
25:18 Bow Saw
25:09 Heavy Plow
25:09 Stone Mining
28:10 Crossbowman
31:20 Hand Cart
32:15 Bodkin Arrow
32:20 Padded Archer Armor
34:03 Caravan
35:49 Thumb Ring
38:36 Imperial Age
38:47 Arbalester
40:10 Bracer
40:26 Leather Archer Armor
40:36 Ballistics
41:16 Chemistry
40:07 Guard Tower
41:48 Conscription
43:16 Crop Rotation
45:31 Chemistry
Birkules
1:46 Loom
10:32 Feudal Age
17:16 Castle Age
15:39 Double-Bit Axe
18:09 Forging
18:05 Scale Barding Armor
20:30 Bow Saw
24:16 Iron Casting
26:58 Wheelbarrow
30:05 Gold Mining
33:09 Imperial Age
32:27 Husbandry
33:36 Caravan
33:28 Pikeman
34:09 Squires
33:55 Arson
34:31 Fletching
35:42 Blast Furnace
35:36 Gold Shaft Mining
34:45 Cavalier
36:52 Bodkin Arrow
37:18 Chain Barding Armor
37:39 Hand Cart
39:28 Paladin
41:19 Chivalry
41:55 Hoardings
42:13 Halberdier
45:20 Chemistry
44:58 Stone Mining
46:00 Ballistics
45:22 Treadmill Crane
45:42 Paladin
47:32 Ordonnance Companies
ODIN
4:14 Loom
12:03 Feudal Age
21:35 Castle Age
19:31 Double-Bit Axe
25:36 Wheelbarrow
26:05 Bow Saw
27:38 Scale Mail Armor
28:07 Forging
29:17 Gold Mining
31:44 Horse Collar
33:47 Chain Mail Armor
38:02 Imperial Age
36:12 Iron Casting
36:03 Gambesons
36:19 Squires
36:05 Arson
36:08 Hamask
37:25 Caravan
37:35 Pikeman
39:05 Conscription
38:12 Capped Ram
38:15 Elite Varangian Guard
38:48 Halberdier
41:04 Blast Furnace
42:03 Plate Mail Armor
41:36 Onager
42:45 Fletching
42:39 Siege Ram
JU ju Ju
9:07 Loom
11:22 Feudal Age
18:17 Castle Age
17:50 Scale Mail Armor
18:26 Horse Collar
26:01 Wheelbarrow
25:40 Bloodlines
25:51 Double-Bit Axe
26:05 Fletching
28:32 Bodkin Arrow
28:38 Padded Archer Armor
29:26 Thumb Ring
29:47 Bow Saw
30:34 Ballistics
30:22 Gold Mining
33:26 Gold Shaft Mining
33:42 Hand Cart
37:06 Imperial Age
34:22 Town Watch
38:16 Parthian Tactics
37:21 Heavy Cavalry Archer
40:54 Chemistry
40:28 Bracer
40:43 Leather Archer Armor
40:51 Caravan
41:14 Pikeman
42:06 Siege Engineers
41:26 Capped Ram
43:27 Two-Man Saw
44:56 Ring Archer Armor
kama.Kroxa
12:02 Feudal Age
16:10 Castle Age
15:06 Bloodlines
15:01 Horse Collar
15:11 Double-Bit Axe
16:00 Scale Barding Armor
16:57 Forging
19:55 Wheelbarrow
24:42 Iron Casting
27:18 Bow Saw
27:12 Heavy Plow
29:11 Gold Mining
33:25 Imperial Age
32:36 Caravan
34:22 Loom
34:53 Hand Cart
34:34 Elite Jarl
35:46 Chain Barding Armor
36:27 Blast Furnace
39:04 Conscription
41:06 Scale Mail Armor
42:27 Plate Barding Armor
42:08 Chain Mail Armor
42:59 Gothikon
45:14 Plate Mail Armor
47:57 Elite Varangian Guard
mimikyu
3:25 Double-Bit Axe
5:00 Double-Bit Axe
7:56 Horse Collar
11:20 Feudal Age
15:31 Castle Age
14:43 Bow Saw
16:06 Heavy Plow
23:00 Loom
25:29 Wheelbarrow
25:17 Gold Mining
25:18 Stone Mining
27:05 Gold Shaft Mining
27:11 Stone Shaft Mining
27:47 Hand Cart
30:12 Imperial Age
27:52 Town Watch
29:29 Fortified Wall
29:39 Scale Barding Armor
29:45 Forging
30:45 Chain Barding Armor
30:39 Caravan
32:32 Iron Casting
31:26 Elite Coustillier
32:43 Hoardings
32:56 Husbandry
34:06 Plate Barding Armor
34:32 Blast Furnace
33:55 Conscription
36:07 Burgundian Vineyards
40:02 Fletching
43:31 Coinage
Connection lost

Rejoining the realm…

Still unreachable

The connection could not be restored.

Session expired

The server has moved on; the page needs a fresh start.